 Dungeon Crawl Stone Soup version 0.25-a0-731-g0472a16d6a (webtiles) character file.

Game seed: 12860245272719250914, levelgen mode: deterministic

39 Rubbish the Vandal (level 3, 0/24 HPs)
             Began as a Halfling Hunter on Apr 9, 2020.
             Slain by an adder (1 damage)
             ... on level 1 of the Dungeon.
             The game lasted 00:23:00 (836 turns).

Rubbish the Vandal (Halfling Hunter)                 Turns: 836, Time: 00:23:00

Health: 0/24       AC:  7    Str: 13    XL:     3   Next: 70%
Magic:  3/3        EV: 12    Int:  9    God:
Gold:   80         SH:  0    Dex: 15    Spells: 2/2 levels left

rFire    . . .     SeeInvis .   p - +1 spear
rCold    . . .     Gourm    .   (shield restricted)
rNeg     . . .     Faith    .   h - +0 scale mail
rPois    .         Spirit   .   n - +0 helmet (curse)
rElec    .         Reflect  .   (no cloak)
rCorr    .         Harm     .   (no gloves)
MR       .....                  (no boots)
Stlth    ..........             (no amulet)
HPRegen  0.08/turn              (no ring)
MPRegen  0.08/turn              (no ring)

@: no status effects
A: small, mutation resistance 1
a: no special abilities


You were on level 1 of the Dungeon.
You were not hungry.

You visited 1 branch of the dungeon, and saw 2 of its levels.

You collected 80 gold pieces.

Inventory:

Hand Weapons
 a - a +1 hunting sling
 b - a +0 short sword
 k - a +0 short sword
 p - a +1 spear (weapon)
Missiles
 d - 27 sling bullets
 e - 75 stones (quivered)
 i - 25 arrows
Armour
 c - a +0 leather armour
 h - a +0 scale mail (worn)
 n - a cursed +0 helmet (worn)
Scrolls
 l - a scroll of enchant armour {unknown}
 m - a scroll of identify {unknown}
 o - a scroll of fog {unknown}
 q - a scroll of remove curse {unknown}
Comestibles
 f - a ration


   Skills:
 + Level 1.7 Fighting
 + Level 0.4 Short Blades
 + Level 7.4 Slings
 + Level 2.2 Dodging
 + Level 1.1 Stealth


You had 2 spell levels left.
You didn't know any spells.
Your spell library was empty.

Dungeon Overview and Level Annotations

Branches:
Dungeon (2/15)

Altars:


Innate Abilities, Weirdness & Mutations

You are small and have problems with some larger weapons.
You are somewhat resistant to further mutation.


Message History

* * * LOW HITPOINT WARNING * * *
You climb upwards.
There is a stone staircase leading down here.
The adder bites you but does no damage. The adder misses you.
The adder closely misses you.
Things that are here:
a +0 dagger; a +0 ring mail The adder bites you.
* * * LOW HITPOINT WARNING * * *
As you read the scroll labeled IWAMMO DOVY, it crumbles to dust.
The creatures around you are filled with an inner flame!
It was a scroll of immolation.
The adder bites you but does no damage. The adder barely misses you.
The adder closely misses you.
As you read the scroll labeled CYMPIF LUKKACK, it crumbles to dust.
It is a scroll of enchant weapon.
Your +0 spear glows red for a moment.
The adder barely misses you. The adder bites you.
You die...

###.##.#.)# #.# #...# #.##.#..#
#.# #.#.#
#.#.....######.#####.#.#
#.............#......#.#
###.....######.#######.# #
#...#..# #.# #.# ####.###..# #.#
#.# .#...# #..# #.# #.# ..####
#..######@### #.# ..#
#.......S...#####.# .##
##.######...).....#
.########.######...#######
...##..)...........#
......###.#.#####..# .####.#
#....# #..# ## #.# #.#..# #..#
.####.###....####..##############


You could see an adder (inner flame).

Vanquished Creatures
  An adder (D:2)
  A leopard gecko (D:1)
  A ball python (D:1)
  3 giant cockroaches
  4 goblins (D:1)
  3 hobgoblins
  5 kobolds
  3 bats (D:1)
  4 frilled lizards
  2 rats (D:1)
27 creatures vanquished.

Notes
Turn   | Place    | Note
-------+----------+-------------------------------------------
     0 | D:1      | Rubbish the Halfling Hunter began the quest for the Orb.
     0 | D:1      | Reached XP level 1. HP: 14/14 MP: 1/1
   114 | D:1      | Reached skill level 6 in Slings
   144 | D:1      | Reached XP level 2. HP: 19/19 MP: 2/2
   462 | D:1      | Reached XP level 3. HP: 24/24 MP: 3/3
   576 | D:1      | Reached skill level 7 in Slings
   826 | D:1      | HP: 1/24 [adder (4)]
   836 | D:1      | Slain by an adder

Levels and vault maps discovered:
D:1:      dpeg_arrival_lava_altar, layout_loops_ring, st_stairs_5
D:2:      layout_basic, yredelemnul_forgotten_temple_becter

Skill      XL: |  1  2  3 |
---------------+----------+-----
Slings         | 6 7 |  7.4
Fighting       | |  1.7
Short Blades   | |  0.4
Dodging        | |  2.2
Stealth        | |  1.1

Action                   || total
-------------------------++-------
Melee: Short sword       ||    20
       Spear             ||    27
 Fire: Hunting sling     ||    46
Throw: Stone             ||     2
  Use: Scroll            ||     2
Armor: Scale mail        ||    14
Dodge: Dodged            ||    52

Table legend:
 A = Non-vault XP
 B = Vault XP
 C = Vault XP percentage of total XP
 D = Non-vault monster count
 E = Vault monster count
 F = Vault count percentage of total count
                 A         B        C        D         E       F
            +---------+---------+-------+---------+---------+-------
      Total |      56 |       1 |   1.8 |      26 |       1 |   3.7
            +---------+---------+-------+---------+---------+-------
        D:1 |      35 |       1 |   2.8 |      20 |       1 |   4.8
        D:2 |      21 |       0 |   0.0 |       6 |       0 |   0.0
            +---------+---------+-------+---------+---------+-------
